Sabres vs Flames

Created - November 16, 2016 at 17:49

Goals
1 2 3 T
Sabres 2 2 1 5
Flames 1 1 0 2
Shots
1 2 3 T
Sabres 12 7 6 25
Flames 6 6 7 19

1st period

1. Sabres , Matt Cullen 8 (Daniel Winnik, Rasmus Ristolainen) at 4:09
2. Flames , Antoine Vermette 1 (Jarome Iginla, Jordan Martinook) at 9:40
3. Sabres , Rasmus Ristolainen 4 (Thomas Vanek, Ryan Johansen) at 11:24 (PP)

Penalties :
Thomas Vanek (BUF) for Hooking (Minor) at 5:40, Devante Smith-Pelly (CGY) for Tripping (Minor) at 9:46, Jarret Stoll (CGY) for Cross-checking (Minor) at 15:12

2nd period

4. Flames , Jarret Stoll 3 (James van Riemsdyk, John Carlson) at 6:02
5. Sabres , Brock Nelson 11 (Ryan Johansen, Rasmus Ristolainen) at 14:10
6. Sabres , Gustav Nyquist 5 (Matt Cullen, Francois Beauchemin) at 16:24

Penalties :
No Penalty

3rd period

7. Sabres , Zach Hyman 4 (Jake McCabe, Kris Versteeg) at 17:57

Penalties :
Jake McCabe (BUF) for Cross-checking (Minor) at 10:10, Alec Martinez (CGY) for Interference (Minor) at 15:17, Ryan Johansen (BUF) for Hooking (Minor) at 15:17

Goalie Stats

Jhonas Enroth (BUF), 17 saves from 19 shots - (0.895), W, 3-2-0, 60:00 minutes
Ben Bishop (CGY), 5 saves from 6 shots - (0.833), 23:36 minutes
Mike Smith (CGY), 15 saves from 19 shots - (0.789), L, 2-4-0, 36:24 minutes

Players Stats for Sabres

Player Name              G  A  P  +/- PIM S  H  SB GA TA FO     MP     PP MP  PK MP  
------------------------------------------------------------------------------------
Brayden Schenn           0  0  0  -1  0   0  3  0  0  0  0/1    17:30   1:33   0:00 
Braydon Coburn           0  0  0   0  0   1  1  2  0  0  0/0    15:30   0:00   1:52 
Brock Nelson             1  0  1   0  0   3  1  0  0  0  0/0    20:22   2:04   0:00 
Daniel Winnik            0  1  1   2  0   0  2  2  0  0  2/4    14:47   1:33   2:57 
Francois Beauchemin      0  1  1   0  0   0  0  0  0  0  0/0    23:50   1:40   2:18 
Gustav Nyquist           1  0  1   2  0   1  0  0  0  0  0/1    10:17   0:00   0:00 
Jake McCabe              0  1  1   0  2   1  3  1  0  0  0/0    16:35   1:57   1:01 
Johnny Oduya             0  0  0   2  0   0  0  1  0  0  0/0    19:42   0:00   2:05 
Kris Versteeg            0  1  1   1  0   0  0  0  0  0  0/0     8:54   0:00   1:01 
Kyle Turris              0  0  0  -1  0   5  0  0  0  0  6/11   15:57   0:00   0:00 
Lars Eller               0  0  0   1  0   0  0  0  0  0  0/0     7:53   0:00   0:00 
Matt Cullen              1  1  2   2  0   2  0  1  0  0  8/16   14:24   0:00   2:57 
Nino Niederreiter        0  0  0  -1  0   2  2  0  0  0  1/1    16:41   1:33   0:00 
Oliver Ekman-Larsson     0  0  0   0  0   1  0  1  0  0  0/0    23:10   1:40   0:20 
Rasmus Ristolainen       1  2  3   2  0   2  5  0  0  0  0/0    21:12   1:57   0:20 
Ryan Johansen            0  2  2   0  2   3  2  1  0  0  13/27  20:12   2:04   1:01 
Thomas Vanek             0  1  1   0  2   3  1  0  0  0  0/1    19:11   2:04   0:00 
Zach Hyman               1  0  1   1  0   1  2  0  0  0  2/6     7:53   0:00   0:00 

Players Stats for Flames

Player Name              G  A  P  +/- PIM S  H  SB GA TA FO     MP     PP MP  PK MP  
------------------------------------------------------------------------------------
Alec Martinez            0  0  0  -1  2   0  5  0  0  0  0/0    23:56   1:44   1:49 
Andrej Nestrasil         0  0  0  -1  0   1  0  0  0  0  6/15   14:10   0:00   0:16 
Andrew Miller            0  0  0  -2  0   0  0  0  0  0  0/0     7:24   0:00   0:00 
Antoine Vermette         1  0  1   1  0   4  1  0  0  0  9/17   15:59   2:24   1:31 
Beau Bennett             0  0  0  -1  0   1  0  0  0  0  0/0    15:59   0:00   2:05 
Brady Skjei              0  0  0  -3  0   0  4  1  0  0  0/0    17:43   1:01   0:00 
Daniel Carr              0  0  0  -2  0   0  1  0  0  0  1/3     7:51   0:00   0:00 
Devante Smith-Pelly      0  0  0  -1  2   1  0  0  0  0  0/1    17:33   2:24   1:16 
James van Riemsdyk       0  1  1   0  0   3  0  0  0  0  1/1    19:37   1:34   0:00 
Jared Spurgeon           0  0  0   0  0   0  0  0  0  0  0/0    25:45   2:14   1:48 
Jarome Iginla            0  1  1   1  0   3  1  0  0  0  2/2    14:28   2:24   0:00 
Jarret Stoll             1  0  1   0  2   1  1  0  0  0  12/17  20:24   0:00   1:22 
John Carlson             0  1  1   1  0   0  1  0  0  0  0/0    24:00   1:44   1:48 
Jordan Martinook         0  1  1   1  0   2  0  1  0  0  0/0    12:49   0:00   0:44 
Justin Faulk             0  0  0   0  0   2  2  0  0  0  0/0    20:04   0:00   0:00 
Kevan Miller             0  0  0  -1  0   0  2  1  0  0  0/0     8:04   1:13   1:49 
Kyle Palmieri            0  0  0   0  0   0  1  0  0  0  0/4    19:37   1:34   0:00 
Ryan Getzlaf             0  0  0  -2  0   1  1  1  0  0  5/8     8:58   1:34   0:00 

3 Stars

1 - Rasmus Ristolainen (BUF)
2 - Matt Cullen (BUF)
3 - Zach Hyman (BUF)

Power Play

Sabres - 1 on 2 Attempt(s) - 50.00%
Flames - 0 on 2 Attempt(s) - 0.00%

Penalty Kill

Sabres - 2 on 2 Attempt(s) - 100.00% - Score 0 goal in Penalty Kill
Flames - 1 on 2 Attempt(s) - 50.00% - Score 0 goal in Penalty Kill

Team Stat

Sabres - Hits : 22 - Faceoff Wins : 32 - Blocked Shots : 9 - Penalty Minutes : 6
Flames - Hits : 20 - Faceoff Wins : 36 - Blocked Shots : 4 - Penalty Minutes : 6

Official

Referees : Dave Lewis and Kyle Rehman
Linesman : Jay Sharrers and Scott Driscoll

Game Notes

Kevan Miller is injured at 5:28 of 2nd period (Sprained Right Knee)
Ben Bishop enters game at 16:24 of 2nd period

Finance

Level 1 -- Attendance: 6500 (100.00%) -- Ticket Income $650,000
Level 2 -- Attendance: 5000 (100.00%) -- Ticket Income $275,000
Level 3 -- Attendance: 3348 (95.66%) -- Ticket Income $150,660
Level 4 -- Attendance: 2772 (84.28%) -- Ticket Income $69,300
Luxury Box -- Attendance: 963 (96.30%) -- Ticket Income $144,450
Game was played at the Scotiabank Saddledome.
Total Attendance: 18583 (96.34%)
Total Ticket Income: $1,289,410
Other Income: $193,412
Total Income: $1,482,822

% Time on Ice - Sabres

Lines # - Real PCT - Wanted PCT - Time Play
Normal Forward
1 - 34% - 40% - 17:08
2 - 30% - 30% - 15:08
3 - 20% - 20% - 10:17
4 - 16% - 10% - 7:53
Normal Defense
1 - 36% - 40% - 18:18
2 - 34% - 30% - 16:58
3 - 27% - 20% - 13:38
4 - 3% - 10% - 1:32
PP Forward
1 - 57% - 60% - 2:04
2 - 43% - 40% - 1:33
PP Defense
1 - 46% - 60% - 1:40
2 - 54% - 40% - 1:57
PK Forward
1 - 74% - 60% - 2:57
2 - 26% - 40% - 1:01
PK Defense
1 - 45% - 60% - 1:46
2 - 55% - 40% - 2:12
PK3 Forward
1 - 0% - 60%
2 - 0% - 40%
PK3 Defense
1 - 0% - 60%
2 - 0% - 40%
44 Forward
1 - 100% - 60% - 1:59
2 - 0% - 40% - 0:00
44 Defense
1 - 67% - 60% - 1:20
2 - 33% - 40% - 0:39
Last Minute Offensive  - 0:00
Last Minute Defensive  - 0:00
Total
Forward - 60:00
Defense - 60:00

% Time on Ice - Flames

Lines # - Real PCT - Wanted PCT - Time Play
Normal Forward
1 - 36% - 40% - 18:03
2 - 28% - 30% - 13:54
3 - 22% - 20% - 11:05
4 - 15% - 10% - 7:24
Normal Defense
1 - 34% - 40% - 17:17
2 - 30% - 30% - 15:01
3 - 29% - 20% - 14:37
4 - 7% - 10% - 3:31
PP Forward
1 - 39% - 60% - 1:34
2 - 61% - 40% - 2:24
PP Defense
1 - 44% - 60% - 1:44
2 - 56% - 40% - 2:14
PK Forward
1 - 93% - 60% - 3:21
2 - 7% - 40% - 0:16
PK Defense
1 - 50% - 60% - 1:49
2 - 50% - 40% - 1:48
PK3 Forward
1 - 0% - 60%
2 - 0% - 40%
PK3 Defense
1 - 0% - 60%
2 - 0% - 40%
44 Forward
1 - 50% - 60% - 0:59
2 - 50% - 40% - 1:00
44 Defense
1 - 0% - 60% - 0:00
2 - 100% - 40% - 1:59
Last Minute Offensive  - 0:00
Last Minute Defensive  - 0:00
Total
Forward - 60:00
Defense - 60:00

Play by Play

1st period


0:01 of 1st period - Ryan Johansen wins face-off versus Jarret Stoll in neutral zone.
0:17 of 1st period - Shot by Brock Nelson.
0:17 of 1st period - Stopped by Mike Smith without a rebound.
0:18 of 1st period - Nino Niederreiter wins face-off versus Andrej Nestrasil in Flames zone.
0:43 of 1st period - Beau Bennett is hit by Brayden Schenn and loses puck.
0:49 of 1st period - Jared Spurgeon is hit by Rasmus Ristolainen and loses puck.
1:21 of 1st period - Icing by Jordan Martinook.
1:22 of 1st period - Antoine Vermette wins face-off versus Ryan Johansen in Flames zone.
1:22 of 1st period - Antoine Vermette is hit by Thomas Vanek.
1:37 of 1st period - Icing by Kevan Miller.
1:38 of 1st period - Jarome Iginla wins face-off versus Gustav Nyquist in Flames zone.
2:00 of 1st period - Shot by Matt Cullen.
2:00 of 1st period - Shot Misses the Net.
2:02 of 1st period - Shot by Braydon Coburn.
2:02 of 1st period - Stopped by Mike Smith without a rebound.
2:03 of 1st period - Jarret Stoll wins face-off versus Ryan Johansen in Flames zone.
2:13 of 1st period - Icing by Francois Beauchemin.
2:14 of 1st period - Ryan Getzlaf wins face-off versus Ryan Johansen in Sabres zone.
2:23 of 1st period - Shot by Ryan Johansen.
2:23 of 1st period - Stopped by Mike Smith without a rebound.
2:24 of 1st period - Zach Hyman wins face-off versus Kyle Palmieri in Flames zone.
2:24 of 1st period - Oliver Ekman-Larsson is hit by Justin Faulk.
3:20 of 1st period - Icing by Andrej Nestrasil.
3:21 of 1st period - Andrej Nestrasil wins face-off versus Ryan Johansen in Flames zone.
3:55 of 1st period - Shot by Ryan Johansen.
3:55 of 1st period - Stopped by Mike Smith without a rebound.
3:56 of 1st period - Daniel Winnik wins face-off versus Ryan Getzlaf in Flames zone.
4:07 of 1st period - Shot by Daniel Winnik.
4:07 of 1st period - Shot Misses the Net.
4:09 of 1st period - Shot by Matt Cullen.
4:09 of 1st period - Goal by Matt Cullen - Sabres : 1 - Flames : 0.
4:10 of 1st period - Jarret Stoll wins face-off versus Kyle Turris in neutral zone.
4:10 of 1st period - Jarret Stoll is hit by Nino Niederreiter.
4:30 of 1st period - Icing by Justin Faulk.
4:31 of 1st period - Jarret Stoll wins face-off versus Ryan Johansen in Flames zone.
4:38 of 1st period - Shot by Rasmus Ristolainen.
4:38 of 1st period - Stopped by Mike Smith with a rebound.
4:48 of 1st period - Rasmus Ristolainen is hit by Jarret Stoll and loses puck.
4:56 of 1st period - Icing by Johnny Oduya.
4:57 of 1st period - Ryan Getzlaf wins face-off versus Ryan Johansen in Sabres zone.
5:05 of 1st period - Ryan Getzlaf is hit by Rasmus Ristolainen and loses puck.
5:33 of 1st period - Shot by Ryan Getzlaf.
5:33 of 1st period - Shot Misses the Net.
5:40 of 1st period - Minor Penalty to Thomas Vanek for Hooking.
5:41 of 1st period - Antoine Vermette wins face-off versus Daniel Winnik in Sabres zone.
6:55 of 1st period - Shot by James van Riemsdyk.
6:55 of 1st period - Shot Blocked by Daniel Winnik.
7:53 of 1st period - Brayden Schenn is hit by Daniel Carr and loses puck.
9:07 of 1st period - Shot by James van Riemsdyk.
9:07 of 1st period - Stopped by Jhonas Enroth without a rebound.
9:08 of 1st period - Ryan Johansen wins face-off versus Antoine Vermette in Sabres zone.
9:13 of 1st period - Shot by Antoine Vermette.
9:13 of 1st period - Stopped by Jhonas Enroth with a rebound.
9:40 of 1st period - Shot by Jarome Iginla.
9:40 of 1st period - Deflect By Antoine Vermette.
9:40 of 1st period - Goal by Antoine Vermette - Sabres : 1 - Flames : 1.
9:41 of 1st period - Andrej Nestrasil wins face-off versus Zach Hyman in neutral zone.
9:46 of 1st period - Minor Penalty to Devante Smith-Pelly for Tripping.
9:47 of 1st period - Ryan Johansen wins face-off versus Jarret Stoll in Flames zone.
9:52 of 1st period - Shot by Oliver Ekman-Larsson.
9:52 of 1st period - Shot Misses the Net.
9:54 of 1st period - Shot by Thomas Vanek.
9:54 of 1st period - Stopped by Mike Smith without a rebound.
9:55 of 1st period - Ryan Johansen wins face-off versus Jarret Stoll in Flames zone.
10:10 of 1st period - Shot by Thomas Vanek.
10:10 of 1st period - Stopped by Mike Smith without a rebound.
10:11 of 1st period - Jarret Stoll wins face-off versus Daniel Winnik in Flames zone.
10:24 of 1st period - Beau Bennett is hit by Nino Niederreiter and loses puck.
10:38 of 1st period - Nino Niederreiter is hit by Alec Martinez and loses puck.
10:41 of 1st period - Shot by Oliver Ekman-Larsson.
10:41 of 1st period - Shot Misses the Net.
10:43 of 1st period - Shot by Oliver Ekman-Larsson.
10:43 of 1st period - Stopped by Mike Smith without a rebound.
10:44 of 1st period - Jarret Stoll wins face-off versus Ryan Johansen in Flames zone.
10:44 of 1st period - Jarret Stoll is hit by Ryan Johansen.
11:22 of 1st period - Shot by Thomas Vanek.
11:22 of 1st period - Shot Misses the Net.
11:24 of 1st period - Shot by Rasmus Ristolainen.
11:24 of 1st period - Goal by Rasmus Ristolainen - Sabres : 2 - Flames : 1.
11:25 of 1st period - Matt Cullen wins face-off versus Daniel Carr in neutral zone.
11:34 of 1st period - Shot by Gustav Nyquist.
11:34 of 1st period - Shot Blocked by Ryan Getzlaf.
11:39 of 1st period - Off-side.
11:40 of 1st period - Antoine Vermette wins face-off versus Kyle Turris in neutral zone.
11:47 of 1st period - Shot by Jordan Martinook.
11:47 of 1st period - Shot Misses the Net.
12:03 of 1st period - Shot by Nino Niederreiter.
12:03 of 1st period - Shot Blocked by Jordan Martinook.
12:09 of 1st period - Shot by Jordan Martinook.
12:09 of 1st period - Stopped by Jhonas Enroth without a rebound.
12:10 of 1st period - Jarret Stoll wins face-off versus Ryan Johansen in Sabres zone.
12:13 of 1st period - Shot by Kyle Palmieri.
12:13 of 1st period - Shot Blocked by Johnny Oduya.
12:48 of 1st period - Shot by Kyle Palmieri.
12:48 of 1st period - Shot Blocked by Ryan Johansen.
13:12 of 1st period - Shot by Matt Cullen.
13:12 of 1st period - Shot Misses the Net.
13:16 of 1st period - Shot by Matt Cullen.
13:16 of 1st period - Stopped by Mike Smith without a rebound.
13:17 of 1st period - Kyle Turris wins face-off versus Andrej Nestrasil in Flames zone.
13:22 of 1st period - Icing by Jared Spurgeon.
13:23 of 1st period - Matt Cullen wins face-off versus Andrej Nestrasil in Flames zone.
13:47 of 1st period - Shot by Andrej Nestrasil.
13:47 of 1st period - Shot Misses the Net.
13:49 of 1st period - Shot by Andrej Nestrasil.
13:49 of 1st period - Shot Misses the Net.
14:34 of 1st period - Shot by Jarome Iginla.
14:34 of 1st period - Stopped by Jhonas Enroth with a rebound.
14:36 of 1st period - Shot by Antoine Vermette.
14:36 of 1st period - Stopped by Jhonas Enroth without a rebound.
14:37 of 1st period - Ryan Johansen wins face-off versus Ryan Getzlaf in Sabres zone.
14:53 of 1st period - Icing by Rasmus Ristolainen.
14:54 of 1st period - Jarret Stoll wins face-off versus Ryan Johansen in Sabres zone.
14:54 of 1st period - Kyle Palmieri is hit by Rasmus Ristolainen and loses puck.
15:00 of 1st period - Rasmus Ristolainen is hit by Kevan Miller and loses puck.
15:04 of 1st period - Ryan Johansen is hit by Brady Skjei and loses puck.
15:12 of 1st period - Minor Penalty to Jarret Stoll for Cross-checking.
15:13 of 1st period - Daniel Winnik wins face-off versus Antoine Vermette in Flames zone.
15:16 of 1st period - Shot by Rasmus Ristolainen.
15:16 of 1st period - Shot Misses the Net.
15:34 of 1st period - Shot by Daniel Winnik.
15:34 of 1st period - Shot Hit the Post.
15:36 of 1st period - Shot by Jake McCabe.
15:36 of 1st period - Stopped by Mike Smith without a rebound.
15:37 of 1st period - Antoine Vermette wins face-off versus Ryan Johansen in Flames zone.
15:37 of 1st period - Antoine Vermette is hit by Brock Nelson.
17:51 of 1st period - Icing by Rasmus Ristolainen.
17:52 of 1st period - Ryan Getzlaf wins face-off versus Zach Hyman in Sabres zone.
18:55 of 1st period - Shot by Andrej Nestrasil.
18:55 of 1st period - Shot Misses the Net.
18:57 of 1st period - Shot by Kevan Miller.
18:57 of 1st period - Shot Misses the Net.
18:59 of 1st period - Shot by Andrej Nestrasil.
18:59 of 1st period - Shot Blocked by Jake McCabe.
19:11 of 1st period - Shot by Beau Bennett.
19:11 of 1st period - Shot Misses the Net.
Goals for this period are 2 for Sabres vs 1 for Flames.
Shots for this period are 12 for Sabres vs 6 for Flames.

2nd period


0:01 of 2nd period - Jarret Stoll wins face-off versus Ryan Johansen in neutral zone.
0:29 of 2nd period - Shot by Ryan Johansen.
0:29 of 2nd period - Shot Misses the Net.
0:32 of 2nd period - Icing by Alec Martinez.
0:33 of 2nd period - Matt Cullen wins face-off versus Jarret Stoll in Flames zone.
0:38 of 2nd period - Shot by Matt Cullen.
0:38 of 2nd period - Shot Misses the Net.
1:16 of 2nd period - Beau Bennett is hit by Rasmus Ristolainen and loses puck.
1:37 of 2nd period - Shot by Devante Smith-Pelly.
1:37 of 2nd period - Shot Misses the Net.
1:39 of 2nd period - Shot by Justin Faulk.
1:39 of 2nd period - Stopped by Jhonas Enroth with a rebound.
1:41 of 2nd period - Shot by Justin Faulk.
1:41 of 2nd period - Stopped by Jhonas Enroth with a rebound.
4:23 of 2nd period - Shot by Zach Hyman.
4:23 of 2nd period - Shot Misses the Net.
4:25 of 2nd period - Shot by Lars Eller.
4:25 of 2nd period - Shot Misses the Net.
4:53 of 2nd period - Shot by Antoine Vermette.
4:53 of 2nd period - Stopped by Jhonas Enroth without a rebound.
4:54 of 2nd period - Matt Cullen wins face-off versus Antoine Vermette in Sabres zone.
4:54 of 2nd period - Gustav Nyquist is hit by Antoine Vermette and loses puck.
5:01 of 2nd period - Kevan Miller is hit by Daniel Winnik and loses puck.
5:13 of 2nd period - Matt Cullen is hit by Kevan Miller and loses puck.
5:26 of 2nd period - Shot by Gustav Nyquist.
5:26 of 2nd period - Shot Misses the Net.
5:28 of 2nd period - Shot by Daniel Winnik.
5:28 of 2nd period - Shot Blocked by Kevan Miller.
5:28 of 2nd period - Kevan Miller from Flames is injured at 5:28 of 2nd period (Sprained Right Knee).
5:29 of 2nd period - Kyle Turris wins face-off versus Kyle Palmieri in Flames zone.
5:32 of 2nd period - Shot by Kyle Turris.
5:32 of 2nd period - Stopped by Mike Smith with a rebound.
6:02 of 2nd period - Shot by Jarret Stoll.
6:02 of 2nd period - Goal by Jarret Stoll - Sabres : 2 - Flames : 2.
6:03 of 2nd period - Ryan Johansen wins face-off versus Ryan Getzlaf in neutral zone.
6:22 of 2nd period - Shot by Brock Nelson.
6:22 of 2nd period - Shot Misses the Net.
6:49 of 2nd period - Icing by Jared Spurgeon.
6:50 of 2nd period - Ryan Getzlaf wins face-off versus Kyle Turris in Flames zone.
7:08 of 2nd period - Francois Beauchemin is hit by Alec Martinez and loses puck.
7:36 of 2nd period - Shot by Nino Niederreiter.
7:36 of 2nd period - Stopped by Mike Smith without a rebound.
7:37 of 2nd period - Matt Cullen wins face-off versus Andrej Nestrasil in Flames zone.
7:37 of 2nd period - Matt Cullen is hit by Brady Skjei.
7:39 of 2nd period - Shot by Gustav Nyquist.
7:39 of 2nd period - Shot Blocked by Brady Skjei.
7:47 of 2nd period - Shot by Matt Cullen.
7:47 of 2nd period - Shot Misses the Net.
8:15 of 2nd period - Jared Spurgeon is hit by Braydon Coburn and loses puck.
8:26 of 2nd period - Shot by Jordan Martinook.
8:26 of 2nd period - Stopped by Jhonas Enroth with a rebound.
8:43 of 2nd period - Icing by John Carlson.
8:44 of 2nd period - Ryan Johansen wins face-off versus Antoine Vermette in Flames zone.
10:07 of 2nd period - Brayden Schenn is hit by Alec Martinez.
10:12 of 2nd period - Icing by John Carlson.
10:13 of 2nd period - Andrej Nestrasil wins face-off versus Matt Cullen in Flames zone.
10:30 of 2nd period - Shot by Devante Smith-Pelly.
10:30 of 2nd period - Shot Blocked by Daniel Winnik.
10:33 of 2nd period - Icing by Jake McCabe.
10:34 of 2nd period - Antoine Vermette wins face-off versus Matt Cullen in Sabres zone.
10:39 of 2nd period - Shot by Jordan Martinook.
10:39 of 2nd period - Shot Misses the Net.
11:28 of 2nd period - Shot by James van Riemsdyk.
11:28 of 2nd period - Deflect By Kyle Palmieri.
11:28 of 2nd period - Shot Hit the Post.
11:30 of 2nd period - Shot by Jared Spurgeon.
11:30 of 2nd period - Shot Blocked by Oliver Ekman-Larsson.
11:54 of 2nd period - Shot by Thomas Vanek.
11:54 of 2nd period - Stopped by Mike Smith without a rebound.
11:55 of 2nd period - Kyle Turris wins face-off versus Andrej Nestrasil in Flames zone.
12:03 of 2nd period - Nino Niederreiter is hit by Brady Skjei and loses puck.
12:36 of 2nd period - Shot by Kyle Turris.
12:36 of 2nd period - Stopped by Mike Smith with a rebound.
12:38 of 2nd period - Shot by Kyle Turris.
12:38 of 2nd period - Stopped by Mike Smith without a rebound.
12:39 of 2nd period - Jarret Stoll wins face-off versus Zach Hyman in Flames zone.
12:39 of 2nd period - Jarret Stoll is hit by Zach Hyman.
12:53 of 2nd period - Shot by Kyle Palmieri.
12:53 of 2nd period - Shot Hit the Post.
12:55 of 2nd period - Shot by James van Riemsdyk.
12:55 of 2nd period - Shot Misses the Net.
13:58 of 2nd period - Off-side.
13:59 of 2nd period - Ryan Johansen wins face-off versus Devante Smith-Pelly in neutral zone.
14:10 of 2nd period - Shot by Brock Nelson.
14:10 of 2nd period - Goal by Brock Nelson - Sabres : 3 - Flames : 2.
14:11 of 2nd period - Kyle Turris wins face-off versus Daniel Carr in neutral zone.
14:33 of 2nd period - Ryan Getzlaf is hit by Jake McCabe and loses puck.
14:37 of 2nd period - Andrew Miller is hit by Jake McCabe and loses puck.
14:48 of 2nd period - Ryan Getzlaf is hit by Brayden Schenn.
15:01 of 2nd period - Icing by Justin Faulk.
15:02 of 2nd period - Daniel Carr wins face-off versus Ryan Johansen in Flames zone.
15:41 of 2nd period - Johnny Oduya is hit by Alec Martinez and loses puck.
16:24 of 2nd period - Shot by Matt Cullen.
16:24 of 2nd period - Deflect By Gustav Nyquist.
16:24 of 2nd period - Goal by Gustav Nyquist - Sabres : 4 - Flames : 2.
16:24 of 2nd period - Ben Bishop enters game.
16:25 of 2nd period - Kyle Turris wins face-off versus Andrej Nestrasil in neutral zone.
16:38 of 2nd period - Shot by Andrej Nestrasil.
16:38 of 2nd period - Stopped by Jhonas Enroth without a rebound.
16:39 of 2nd period - Antoine Vermette wins face-off versus Zach Hyman in Sabres zone.
17:00 of 2nd period - Francois Beauchemin is hit by Jarome Iginla and loses puck.
17:08 of 2nd period - Icing by Zach Hyman.
17:09 of 2nd period - Zach Hyman wins face-off versus Andrej Nestrasil in Sabres zone.
17:43 of 2nd period - Icing by Jared Spurgeon.
17:44 of 2nd period - Andrej Nestrasil wins face-off versus Ryan Johansen in Flames zone.
18:28 of 2nd period - Shot by Ryan Johansen.
18:28 of 2nd period - Shot Misses the Net.
19:06 of 2nd period - Shot by James van Riemsdyk.
19:06 of 2nd period - Shot Misses the Net.
19:57 of 2nd period - Jarome Iginla is hit by Daniel Winnik and loses puck.
Goals for this period are 2 for Sabres vs 1 for Flames.
Shots for this period are 7 for Sabres vs 6 for Flames.

3rd period


0:01 of 3rd period - Ryan Johansen wins face-off versus Jarret Stoll in neutral zone.
0:01 of 3rd period - Francois Beauchemin is hit by Kyle Palmieri and loses puck.
1:32 of 3rd period - Shot by Kyle Turris.
1:32 of 3rd period - Stopped by Ben Bishop without a rebound.
1:33 of 3rd period - Antoine Vermette wins face-off versus Matt Cullen in Flames zone.
2:24 of 3rd period - Shot by Jared Spurgeon.
2:24 of 3rd period - Shot Blocked by Matt Cullen.
2:29 of 3rd period - James van Riemsdyk is hit by Jake McCabe and loses puck.
2:46 of 3rd period - Shot by Kyle Palmieri.
2:46 of 3rd period - Shot Blocked by Braydon Coburn.
2:52 of 3rd period - Shot by James van Riemsdyk.
2:52 of 3rd period - Stopped by Jhonas Enroth without a rebound.
2:53 of 3rd period - Andrej Nestrasil wins face-off versus Ryan Johansen in Sabres zone.
2:58 of 3rd period - Shot by Andrej Nestrasil.
2:58 of 3rd period - Deflect By Beau Bennett.
2:58 of 3rd period - Shot Misses the Net.
3:54 of 3rd period - Shot by Jarome Iginla.
3:54 of 3rd period - Stopped by Jhonas Enroth without a rebound.
3:55 of 3rd period - Jarret Stoll wins face-off versus Kyle Turris in Sabres zone.
3:55 of 3rd period - Jarret Stoll is hit by Rasmus Ristolainen.
4:57 of 3rd period - Off-side.
4:58 of 3rd period - Matt Cullen wins face-off versus Andrej Nestrasil in neutral zone.
5:38 of 3rd period - Off-side.
5:39 of 3rd period - Ryan Johansen wins face-off versus Kyle Palmieri in neutral zone.
5:47 of 3rd period - Off-side.
5:48 of 3rd period - Ryan Johansen wins face-off versus Kyle Palmieri in neutral zone.
6:08 of 3rd period - Shot by James van Riemsdyk.
6:08 of 3rd period - Stopped by Jhonas Enroth without a rebound.
6:09 of 3rd period - Kyle Turris wins face-off versus Antoine Vermette in Sabres zone.
6:35 of 3rd period - Brayden Schenn is hit by Alec Martinez and loses puck.
6:40 of 3rd period - Shot by Kyle Turris.
6:40 of 3rd period - Deflect By Nino Niederreiter.
6:40 of 3rd period - Shot Misses the Net.
6:46 of 3rd period - Shot by Nino Niederreiter.
6:46 of 3rd period - Shot Misses the Net.
6:53 of 3rd period - Brayden Schenn is hit by John Carlson and loses puck.
7:14 of 3rd period - Jared Spurgeon is hit by Ryan Johansen.
7:30 of 3rd period - Shot by Brock Nelson.
7:30 of 3rd period - Stopped by Ben Bishop with a rebound.
7:35 of 3rd period - Off-side.
7:36 of 3rd period - Andrej Nestrasil wins face-off versus Matt Cullen in neutral zone.
7:49 of 3rd period - Shot by Beau Bennett.
7:49 of 3rd period - Stopped by Jhonas Enroth with a rebound.
9:46 of 3rd period - Shot by Ryan Johansen.
9:46 of 3rd period - Stopped by Ben Bishop without a rebound.
9:47 of 3rd period - Ryan Getzlaf wins face-off versus Kyle Turris in Flames zone.
9:49 of 3rd period - Justin Faulk is hit by Brayden Schenn.
10:10 of 3rd period - Minor Penalty to Jake McCabe for Cross-checking.
10:11 of 3rd period - Antoine Vermette wins face-off versus Matt Cullen in Sabres zone.
10:20 of 3rd period - Shot by Jarome Iginla.
10:20 of 3rd period - Stopped by Jhonas Enroth without a rebound.
10:21 of 3rd period - James van Riemsdyk wins face-off versus Matt Cullen in Sabres zone.
11:04 of 3rd period - Shot by Ryan Getzlaf.
11:04 of 3rd period - Stopped by Jhonas Enroth with a rebound.
11:24 of 3rd period - Shot by Jared Spurgeon.
11:24 of 3rd period - Shot Misses the Net.
11:26 of 3rd period - Shot by Antoine Vermette.
11:26 of 3rd period - Shot Misses the Net.
11:52 of 3rd period - Icing by Brady Skjei.
11:53 of 3rd period - Jarome Iginla wins face-off versus Matt Cullen in Flames zone.
12:41 of 3rd period - Off-side.
12:42 of 3rd period - Jarret Stoll wins face-off versus Thomas Vanek in neutral zone.
13:07 of 3rd period - Ryan Johansen is hit by Justin Faulk and loses puck.
14:01 of 3rd period - Kyle Palmieri is hit by Zach Hyman.
14:43 of 3rd period - Shot by Beau Bennett.
14:43 of 3rd period - Shot Misses the Net.
14:59 of 3rd period - Shot by Kyle Turris.
14:59 of 3rd period - Stopped by Ben Bishop with a rebound.
15:04 of 3rd period - Off-side.
15:05 of 3rd period - Ryan Johansen wins face-off versus Antoine Vermette in neutral zone.
15:17 of 3rd period - Minor Penalty to Alec Martinez for Interference.
15:17 of 3rd period - Minor Penalty to Ryan Johansen for Hooking.
15:18 of 3rd period - Antoine Vermette wins face-off versus Matt Cullen in Flames zone.
15:43 of 3rd period - Icing by Justin Faulk.
15:44 of 3rd period - Matt Cullen wins face-off versus Antoine Vermette in Flames zone.
15:48 of 3rd period - Icing by Jarome Iginla.
15:49 of 3rd period - Matt Cullen wins face-off versus Antoine Vermette in Flames zone.
17:24 of 3rd period - Jake McCabe is hit by Ryan Getzlaf and loses puck.
17:41 of 3rd period - Shot by Daniel Carr.
17:41 of 3rd period - Shot Blocked by Braydon Coburn.
17:57 of 3rd period - Shot by Zach Hyman.
17:57 of 3rd period - Goal by Zach Hyman - Sabres : 5 - Flames : 2.
17:58 of 3rd period - Ryan Johansen wins face-off versus Andrej Nestrasil in neutral zone.
18:27 of 3rd period - Shot by Devante Smith-Pelly.
18:27 of 3rd period - Stopped by Jhonas Enroth without a rebound.
18:28 of 3rd period - Jarret Stoll wins face-off versus Brayden Schenn in Sabres zone.
18:59 of 3rd period - Shot by Nino Niederreiter.
18:59 of 3rd period - Stopped by Ben Bishop with a rebound.
19:40 of 3rd period - Thomas Vanek is hit by Brady Skjei.
Goals for this period are 1 for Sabres vs 0 for Flames.
Shots for this period are 6 for Sabres vs 7 for Flames.